 Dungeon Crawl Stone Soup version 0.18.1-48-g4cf74bf (webtiles) character file.

11 MarcHammon the Sneak (level 2, -2/19 HPs)
             Began as an Octopode Assassin on Aug 29, 2016.
             Slain by a goblin (3 damage)
             ... on level 1 of the Dungeon.
             The game lasted 00:03:15 (533 turns).

MarcHammon the Sneak (Octopode Assassin)             Turns: 533, Time: 00:03:16

Health: -2/19      AC:  1    Str: 10    XL:     2   Next: 29%
Magic:  2/2        EV: 21    Int: 13    God:
Gold:   29         SH:  0    Dex: 13    Spells: 0 memorised, 1 level left

rFire  . . .     SeeInvis .     a - +2 dagger
rCold  . . .     Gourm    .     (no shield)
rNeg   . . .     Faith    .     (helmet restricted)
rPois  .         Spirit   .     (no amulet)
rElec  .         Dismiss  .     k - +4 ring of evasion
rCorr  .         Reflect  .     l - +5 ring of evasion
SustAt .         Harm     .     (no ring)
MR     .....                    (no ring)
Stlth  ++++......               (no ring)
                                (no ring)
                                (no ring)
                                (no ring)

@: not resistant to hostile enchantments, stealthy
A: almost no armour, amphibious, 8 rings, constrict 8, camouflage 1, gelatinous
body 1
a: no special abilities


You were on level 1 of the Dungeon.
You were not hungry.

You visited 1 branch of the dungeon, and saw 1 of its levels.

You collected 29 gold pieces.

Inventory:

Hand Weapons
 a - a +2 dagger (weapon)
 b - a +0 blowgun
Missiles
 c - 3 poisoned needles (quivered)
 d - 2 curare-tipped needles
 m - 18 arrows
 p - 5 large rocks
Armour
 h - a +0 ring mail
Jewellery
 k - a +4 ring of evasion (left tentacle)
 l - a +5 ring of evasion (right tentacle)
Scrolls
 e - a scroll of recharging {unknown}
 i - a scroll of enchant weapon {unknown}
 j - a scroll of identify {unknown}
 n - a scroll of remove curse
 o - a scroll of noise {unknown}
 v - a scroll of teleportation {unknown}
 w - a scroll of immolation {unknown}
Potions
 g - a potion of invisibility {unknown}
 r - a potion of might {unknown}
 s - a potion of berserk rage {unknown}
 t - a potion of haste {unknown}
 u - 2 potions of curing {unknown}
Comestibles
 f - a bread ration
 q - a beef jerky


   Skills:
 + Level 2.1 Fighting
 + Level 2.0 Short Blades
 + Level 2.0 Throwing
 + Level 1.2 Dodging
 + Level 5.9 Stealth


You had one spell level left.
You didn't know any spells.

Dungeon Overview and Level Annotations

Branches:
Dungeon (1/15)

Altars:


Innate Abilities, Weirdness & Mutations

You cannot wear most types of armour.
You are amphibious.
You can wear up to eight rings at the same time.
You can use your tentacles to constrict eight enemies at once.
Your skin changes colour to match your surroundings (Stealth).
Your rubbery body absorbs attacks (AC +1).


Message History

The gnoll completely misses you.
Unknown command.
Tossing away (i - inventory):
c - 5 poisoned needles (quivered)
Press: ? - help, Shift-Dir - straight line, f/p - gnoll
Aim: a gnoll (heavily wounded, constricted by you)
You toss away a poisoned needle.
The poisoned needle hits the gnoll.
The gnoll is heavily wounded.
You constrict the gnoll. The giant gecko bites you.
* * * LOW HITPOINT WARNING * * *
The gnoll misses you. The giant gecko closely misses you.
You hit the gnoll.
You kill the gnoll!
You have reached level 2!
The giant gecko misses you.
Tossing away (i - inventory):
c - 4 poisoned needles (quivered)
Press: ? - help, Shift-Dir - straight line, f - goblin
Aim: a goblin You toss away a poisoned needle.
The poisoned needle hits the goblin.
The goblin hits you.
You die...

.....###.######.........
#.......# ##.......#
##.#.##..# ##.....##
#.##.....#..# #######
#........#..##.##.#
#.##..............#
#..........######.. #
#.##...###.....# ##.# #
##..# #@g...# .... #+##
#.l...... .... #.....##.
#... #.....# #.##
####### #


You could see a giant gecko and a goblin.

Vanquished Creatures
  A gnoll (D:1)
  A bat (D:1)
  A kobold (D:1)
3 creatures vanquished.

Notes
Turn   | Place    | Note
--------------------------------------------------------------
     0 | D:1      | MarcHammon the Octopode Assassin began the quest for the Orb.
     0 | D:1      | Reached XP level 1. HP: 14/14 MP: 1/1
   532 | D:1      | Reached XP level 2. HP: 1/19 MP: 2/2
   533 | D:1      | Slain by a goblin

Action                   || total
-------------------------++-------
Melee: Dagger            ||     8
       Constrict         ||     2
       Tentacles         ||     1
  Use: Scroll            ||     1
Armor: Skin              ||     1
Dodge: Dodged            ||    16
